[Event "DSOL 2022"]
[Site "Germany"]
[Date "2022.02.18"]
[Round "2.4"]
[White "Plischki, Sebastian"]
[Black "Nguyen, Alex Dac-Vuong"]
[Result "0-1"]
[ECO "E36"]
[WhiteElo "2381"]
[BlackElo "2305"]
[Annotator "ChessBase"]
[PlyCount "88"]
[EventDate "2022.01.31"]
[EventType "team-tourn"]
[EventCountry "GER"]
[SourceTitle "playchess.com"]
[Source "ChessBase"]
[SourceQuality "1"]
[WhiteTeam "SK Rinteln I"]
[BlackTeam "SG Leipzig"]
[WhiteTeamCountry "GER"]
[BlackTeamCountry "GER"]
[TimeControl "2700+15"]

1. d4 Nf6 2. c4 e6 3. Nc3 Bb4 4. Qc2 O-O 5. Nf3 d5 6. a3 Bxc3+ 7. Qxc3 dxc4 8. Qxc4 b6 9. Bg5 Ba6 10. Qa4 Qd7 11. Qc2 c5 12. dxc5 Rc8 13. Bxf6 gxf6 14. Rd1 Qe7 15. h4 Rxc5 16. Qa4 Rc4 17. b4 Bb7 18. Rh3 Rc7 19. Rg3+ Kh8 20. e3 Nd7 21. Be2 Be4 22. Rd2 a5 23. h5 h6 24. bxa5 Rc1+ 25. Rd1 Nc5 26. Qd4 e5 27. Qd2 Rxd1+ 28. Qxd1 Rxa5 29. Qc1 Bd3 30. e4 Kh7 31. Nd2 Bxe2 32. Kxe2 Ra4 33. Rc3 Qd7 34. Qc2 Ne6 35. Kf1 Rd4 36. Nf3 Rd1+ 37. Ne1 Qb5+ 38. Qe2 Qb1 39. Re3 b5 40. Qf3 Kg7 41. g3 Qc1 42. Qe2 Nd4 43. Qg4+ Kf8 44. Qd7 Ne2 0-1

[Event "DSOL 2022"]
[Site "Germany"]
[Date "2022.02.18"]
[Round "2.4"]
[White "Roseneck, Jonas"]
[Black "Baskin, Robert"]
[Result "1-0"]
[ECO "B90"]
[WhiteElo "2376"]
[BlackElo "2383"]
[Annotator "ChessBase"]
[PlyCount "85"]
[EventDate "2022.01.31"]
[EventType "team-tourn"]
[EventCountry "GER"]
[SourceTitle "playchess.com"]
[Source "ChessBase"]
[SourceQuality "1"]
[WhiteTeam "SG AE Magdeburg"]
[BlackTeam "SK Zehlendorf I"]
[WhiteTeamCountry "GER"]
[BlackTeamCountry "GER"]
[TimeControl "2700+15"]

1. e4 c5 2. Nf3 d6 3. d4 cxd4 4. Nxd4 Nf6 5. Nc3 a6 6. h3 e5 7. Nb3 Be7 8. Be3 Nbd7 9. a4 b6 10. g4 h6 11. Bg2 Bb7 12. h4 Rc8 13. Nd2 Rxc3 14. bxc3 Qa8 15. f3 d5 16. g5 Nh5 17. exd5 Bxd5 18. c4 Bc6 19. Ne4 Bxe4 20. fxe4 Bb4+ 21. Kf2 Nf4 22. Bxf4 exf4 23. Qd5 Bc5+ 24. Ke2 Qxd5 25. cxd5 Ne5 26. Raf1 Be3 27. Rh3 Ke7 28. Rxe3 fxe3 29. Kxe3 hxg5 30. hxg5 Rc8 31. Rb1 Rxc2 32. Bf1 Ra2 33. Rxb6 Ra3+ 34. Kd4 Nf3+ 35. Kc5 Nxg5 36. e5 Rxa4 37. Bxa6 Ra1 38. Bc4 Ra8 39. Rb7+ Kd8 40. d6 Rc8+ 41. Kd5 Ra8 42. Bb5 Rc8 43. Re7 1-0

[Event "DSOL 2022"]
[Site "Germany"]
[Date "2022.02.18"]
[Round "2.4"]
[White "Kraemer, Stefan"]
[Black "Vidonyak, Nellya"]
[Result "1-0"]
[ECO "B07"]
[WhiteElo "2149"]
[BlackElo "2118"]
[Annotator "ChessBase"]
[PlyCount "83"]
[EventDate "2022.01.31"]
[EventType "team-tourn"]
[EventCountry "GER"]
[SourceTitle "playchess.com"]
[Source "ChessBase"]
[SourceQuality "1"]
[WhiteTeam "SC Roter Turm Altstadt"]
[BlackTeam "Bayern München II Amazonen"]
[WhiteTeamCountry "GER"]
[BlackTeamCountry "GER"]
[TimeControl "2700+15"]

1. e4 d6 2. d4 Nf6 3. Nc3 c6 4. f4 e5 5. Nf3 exd4 6. Nxd4 g6 7. Be3 Bg7 8. Qd2 Ng4 9. Bg1 O-O 10. O-O-O b5 11. h3 b4 12. Nce2 Nf6 13. Ng3 Qe7 14. Bd3 c5 15. Nf3 Nc6 16. Bb5 Nxe4 17. Nxe4 Qxe4 18. Re1 Qf5 19. Bxc6 Qf6 20. Bxa8 Qxb2+ 21. Kd1 Bf5 22. Be4 Bc3 23. Qc1 Qxa2 24. Bxf5 gxf5 25. Re3 c4 26. Nd2 Rc8 27. Bf2 Kf8 28. Rhe1 Qa6 29. Bh4 f6 30. R3e2 b3 31. cxb3 Bxd2 32. Rxd2 cxb3 33. Qb2 Kg8 34. Qxf6 Rf8 35. Qe6+ Kg7 36. Qe7+ Rf7 37. Qg5+ Kf8 38. Qh6+ Rg7 39. Be7+ Kg8 40. Bf6 Rc7 41. Qg5+ Kf7 42. Qg7# 1-0

[Event "DSOL 2022"]
[Site "Germany"]
[Date "2022.02.18"]
[Round "2.4"]
[White "Powalla, Christian"]
[Black "Schleese, Wolfgang"]
[Result "1/2-1/2"]
[ECO "B01"]
[WhiteElo "1856"]
[BlackElo "1500"]
[Annotator "NA"]
[PlyCount "118"]
[EventDate "2022.01.31"]
[EventType "team-tourn"]
[EventCountry "GER"]
[SourceTitle "playchess.com"]
[Source "ChessBase"]
[SourceQuality "1"]
[WhiteTeam "SVG CAISSA Kassel II"]
[WhiteTeamCountry "GER"]
[TimeControl "2700+15"]

1. e4 d5 2. exd5 Qxd5 3. Nc3 Qd8 4. d4 c6 5. Nf3 Bg4 6. Bc4 e6 7. Be3 Nf6 8. O-O Be7 9. h3 Bh5 10. Qe2 O-O 11. Rad1 Nd5 12. Nxd5 cxd5 13. Bd3 Nc6 14. c3 a6 15. Rfe1 Qc7 16. Bc1 b5 17. a3 Bd6 18. Bxh7+ Kh8 19. Bc2 Ne7 20. Qe3 Kg8 21. Qg5 Bg6 22. Bxg6 Nxg6 23. h4 Bf4 24. Bxf4 Qxf4 25. Qxf4 Nxf4 26. Ne5 Rfc8 27. Re3 Ra7 28. g4 f6 29. Nf3 Re7 30. Rde1 Kf7 31. Kh2 Ng6 32. Kg3 Nf8 33. Nd2 Nd7 34. f4 Nb6 35. R3e2 Nc4 36. Nf3 Nd6 37. Nd2 g6 38. Rh2 Ree8 39. Kf3 Rh8 40. Reh1 f5 41. g5 Rh5 42. Nf1 Rch8 43. Ng3 R5h7 44. h5 gxh5 45. Rxh5 Rxh5 46. Rxh5 Rxh5 47. Nxh5 Nc4 48. b3 Nd2+ 49. Ke3 Nxb3 50. Kd3 Na5 51. Kc2 Nc4 52. Kb3 a5 53. Ng3 Nd2+ 54. Ka2 a4 55. Ne2 Ne4 56. Kb2 Nd2 57. Nc1 Nc4+ 58. Ka2 Ne3 59. Nd3 Nd1 1/2-1/2

[Event "DSOL 2022"]
[Site "Germany"]
[Date "2022.02.25"]
[Round "3.1"]
[White "Kollars, Dmitrij"]
[Black "Sabirov, Ramil"]
[Result "1-0"]
[ECO "D85"]
[WhiteElo "1965"]
[BlackElo "1714"]
[Annotator "ChessBase"]
[PlyCount "47"]
[EventDate "2022.01.31"]
[EventType "team-tourn"]
[EventCountry "GER"]
[SourceTitle "playchess.com"]
[Source "ChessBase"]
[SourceQuality "1"]
[WhiteTeam "SF Deizisau I"]
[BlackTeam "SG Porz I"]
[TimeControl "2700+15"]

1. d4 Nf6 2. c4 g6 3. Nc3 d5 4. cxd5 Nxd5 5. Bd2 Bg7 6. e4 Nb6 7. Be3 O-O 8. h3 e5 9. dxe5 Bxe5 10. Nf3 Bg7 11. Qc2 Nc6 12. Rd1 Qe7 13. Bb5 Nb4 14. Qc1 f5 15. e5 a6 16. Be2 Nc6 17. Nd5 Nxd5 18. Bc5 Qe6 19. Rxd5 Kh8 20. Bc4 b5 21. Bb3 Na5 22. Bxf8 Bxf8 23. Rd8 Nxb3 24. Qh6 1-0

[Event "DSOL 2022"]
[Site "Germany"]
[Date "2022.02.25"]
[Round "3.1"]
[White "Reuker, Jari"]
[Black "Keller, Peter"]
[Result "1-0"]
[ECO "C67"]
[WhiteElo "1850"]
[BlackElo "1708"]
[Annotator "NA"]
[PlyCount "57"]
[EventDate "2022.01.31"]
[EventType "team-tourn"]
[EventCountry "GER"]
[SourceTitle "playchess.com"]
[Source "ChessBase"]
[SourceQuality "1"]
[WhiteTeam "SV Werder Bremen I"]
[BlackTeam "SK Bickenbach I"]
[TimeControl "2700+15"]

1. e4 e5 2. Nf3 Nc6 3. Bb5 Nf6 4. O-O Nxe4 5. d4 Nd6 6. Bxc6 dxc6 7. dxe5 Nf5 8. Qxd8+ Kxd8 9. h3 Ke8 10. Nc3 h5 11. Bf4 Be7 12. Rfe1 Be6 13. Ng5 Rh6 14. Rad1 Rd8 15. Rxd8+ Kxd8 16. Nce4 c5 17. g4 hxg4 18. hxg4 Nd4 19. c3 Nc6 20. Nxe6+ Rxe6 21. Rd1+ Ke8 22. Rd5 f6 23. Nxc5 Bxc5 24. Rxc5 fxe5 25. Be3 Rd6 26. Kg2 Kf7 27. Kf3 Rd1 28. b4 a6 29. a4 1-0

[Event "DSOL 2022"]
[Site "Germany"]
[Date "2022.02.25"]
[Round "3.1"]
[White "Lagunow, Raphael"]
[Black "Koellner, Aaron"]
[Result "1/2-1/2"]
[ECO "B47"]
[WhiteElo "1746"]
[BlackElo "1620"]
[Annotator "NA"]
[PlyCount "103"]
[EventDate "2022.01.31"]
[EventType "team-tourn"]
[EventCountry "GER"]
[SourceTitle "playchess.com"]
[Source "ChessBase"]
[SourceQuality "1"]
[WhiteTeam "SK Zehlendorf I"]
[BlackTeam "SF Deizisau II"]
[TimeControl "2700+15"]

1. e4 c5 2. Nf3 e6 3. d4 cxd4 4. Nxd4 Nc6 5. Nc3 Qc7 6. Qd3 Nxd4 7. Qxd4 a6 8. Be3 b5 9. O-O-O Bb7 10. f3 Rc8 11. a3 Nf6 12. g4 Bc5 13. Qxc5 Qxc5 14. Bxc5 Rxc5 15. Rg1 Ke7 16. Bd3 h6 17. Kd2 d6 18. b4 Rc7 19. Ne2 g5 20. a4 d5 21. Ke3 dxe4 22. fxe4 h5 23. axb5 axb5 24. gxh5 Rxh5 25. Ra1 Rxh2 26. Ra7 Kd8 27. Rxg5 Bxe4 28. Rxc7 Kxc7 29. Bxe4 Nxe4 30. Kxe4 Rxe2+ 31. Kd3 Re1 32. Rxb5 f5 33. c4 f4 34. Rh5 f3 35. Rh7+ Kd6 36. Rf7 Rb1 37. b5 Kc5 38. Rc7+ Kb4 39. Ke3 Rb3+ 40. Kf2 e5 41. b6 e4 42. b7 Ka5 43. c5 Rb2+ 44. Ke3 f2 45. b8=Q Rxb8 46. Kxf2 Kb5 47. Ke3 Re8 48. c6 Kb6 49. Rd7 Kxc6 50. Rd4 Kc5 51. Rxe4 Rxe4+ 52. Kxe4 1/2-1/2

[Event "DSOL 2022"]
[Site "Germany"]
[Date "2022.02.25"]
[Round "3.1"]
[White "Hummel, Dirk"]
[Black "Gypser, Andreas"]
[Result "1/2-1/2"]
[ECO "D35"]
[WhiteElo "1662"]
[BlackElo "1752"]
[Annotator "NA"]
[PlyCount "67"]
[EventDate "2022.01.31"]
[EventType "team-tourn"]
[EventCountry "GER"]
[SourceTitle "playchess.com"]
[Source "ChessBase"]
[SourceQuality "1"]
[WhiteTeam "SV Osnabrück I"]
[BlackTeam "SK Ludwigshafen"]
[TimeControl "2700+15"]

1. d4 d5 2. c4 e6 3. Nc3 Be7 4. cxd5 exd5 5. Bf4 Nf6 6. e3 c6 7. Bd3 Nbd7 8. h3 Nf8 9. Nf3 Ne6 10. Be5 g6 11. O-O Ng7 12. Rb1 a5 13. a3 Bf5 14. b4 axb4 15. axb4 O-O 16. b5 Bd6 17. bxc6 bxc6 18. Bxf5 Nxf5 19. Qc2 Rc8 20. Na4 Ne4 21. Rfc1 f6 22. Bxd6 Qxd6 23. Nc5 Nxc5 24. Qxc5 Qxc5 25. Rxc5 Rf7 26. Rbc1 Rfc7 27. Ne1 Ne7 28. Nd3 Kf7 29. Ra5 Rb7 30. Nc5 Rb2 31. Ra7 Rcb8 32. Rca1 Rb1+ 33. Rxb1 Rxb1+ 34. Kh2 1/2-1/2

[Event "DSOL 2022"]
[Site "Germany"]
[Date "2022.02.25"]
[Round "3.1"]
[White "Grafl, Florian"]
[Black "Nguyen Luu, Truong-Son"]
[Result "1-0"]
[ECO "A01"]
[WhiteElo "1620"]
[BlackElo "1609"]
[Annotator "NA"]
[PlyCount "103"]
[EventDate "2022.01.31"]
[EventType "team-tourn"]
[EventCountry "GER"]
[SourceTitle "playchess.com"]
[Source "ChessBase"]
[SourceQuality "1"]
[WhiteTeam "Bayern München I"]
[BlackTeam "SK Zehlendorf II"]
[TimeControl "2700+15"]

1. b3 Nc6 2. Bb2 e5 3. c4 f5 4. e3 Nf6 5. Be2 Bb4 6. a3 Be7 7. d4 exd4 8. exd4 d5 9. Nf3 O-O 10. O-O Kh8 11. Nc3 Be6 12. Ne5 dxc4 13. Nxc6 bxc6 14. bxc4 Rb8 15. Rb1 Qd7 16. Ba1 Rxb1 17. Nxb1 Ne4 18. Qa4 c5 19. Qxa7 cxd4 20. Qxd4 Qxd4 21. Bxd4 Rd8 22. Be3 Rb8 23. f3 Rb3 24. Bd4 Nd6 25. Bc5 Bf6 26. Nd2 Rb2 27. Rd1 Nb7 28. Be3 g5 29. g3 h6 30. Kf2 Na5 31. c5 Nc6 32. Rb1 Ra2 33. Rb7 Nd4 34. Rxc7 Nxe2 35. Kxe2 Bc4+ 36. Ke1 Bc3 37. Rd7 Bb5 38. Bd4+ Bxd4 39. Rxd4 Rxa3 40. Rb4 Bc6 41. Rb6 Bxf3 42. c6 Bxc6 43. Rxc6 Kg7 44. Ke2 g4 45. Rd6 Rc3 46. Rd3 Rc2 47. Ke3 Kg6 48. Kf4 Rc5 49. Rd6+ Kh5 50. Rf6 Rc4+ 51. Ke5 Re4+ 52. Nxe4 1-0

[Event "DSOL 2022"]
[Site "Germany"]
[Date "2022.02.25"]
[Round "3.1"]
[White "Zienert, Richard"]
[Black "Wessendorf, Thomas"]
[Result "0-1"]
[ECO "B76"]
[WhiteElo "1620"]
[BlackElo "1584"]
[Annotator "NA"]
[PlyCount "118"]
[EventDate "2022.01.31"]
[EventType "team-tourn"]
[EventCountry "GER"]
[SourceTitle "playchess.com"]
[Source "ChessBase"]
[SourceQuality "1"]
[WhiteTeam "SK Heidenau I"]
[BlackTeam "SF Essen-Katernberg"]
[TimeControl "2700+15"]

1. e4 c5 2. Nc3 Nc6 3. Nge2 g6 4. d4 cxd4 5. Nxd4 Bg7 6. Be3 d6 7. Qd2 Nf6 8. f3 O-O 9. O-O-O Bd7 10. g4 Rc8 11. h4 h5 12. gxh5 Nxh5 13. Rg1 Ne5 14. Bh6 Bxh6 15. Qxh6 Rxc3 16. bxc3 Qa5 17. Nb3 Qxc3 18. Qd2 Qc7 19. Be2 Rc8 20. Kb1 a5 21. Nxa5 Nf4 22. Nb3 Nxe2 23. Qxe2 Bb5 24. Qd2 Nxf3 25. Qf2 Nxg1 26. Rxg1 Qc4 27. Re1 Bc6 28. Qe3 Bd7 29. Re2 Bg4 30. Rf2 Qc3 31. Qf4 Be6 32. h5 Qe5 33. Qh4 g5 34. Qh1 Rc4 35. Re2 Bd5 36. Qh3 Rxe4 37. Rxe4 Bxe4 38. a4 Bf5 39. Qg2 Be4 40. Qd2 Qd5 41. Qe3 Qd1+ 42. Ka2 Qxc2+ 43. Ka3 f6 44. a5 Bd5 45. Nd2 Qc5+ 46. Qxc5 dxc5 47. Kb2 g4 48. Nf1 f5 49. Ne3 Be6 50. Ng2 Kg7 51. Kc3 Bf7 52. Nh4 Kf6 53. h6 Bg8 54. h7 Bxh7 55. Kc4 Kg5 56. Ng2 f4 57. Kxc5 Be4 58. Ne1 f3 59. Kd4 Kf4 0-1

[Event "DSOL 2022"]
[Site "Germany"]
[Date "2022.02.25"]
[Round "3.2"]
[White "Meyer, Armin"]
[Black "Zimm, Justus"]
[Result "1-0"]
[ECO "D85"]
[WhiteElo "2033"]
[BlackElo "1751"]
[Annotator "ChessBase"]
[PlyCount "111"]
[EventDate "2022.01.31"]
[EventType "team-tourn"]
[EventCountry "GER"]
[SourceTitle "playchess.com"]
[Source "ChessBase"]
[SourceQuality "1"]
[WhiteTeam "SF Essen-Katernberg"]
[BlackTeam "SK Heidenau I"]
[TimeControl "2700+15"]

1. d4 Nf6 2. c4 g6 3. Nc3 d5 4. Nf3 Bg7 5. cxd5 Nxd5 6. e4 Nxc3 7. bxc3 c5 8. h3 Nc6 9. Be3 O-O 10. Be2 cxd4 11. cxd4 Qa5+ 12. Bd2 Qa3 13. d5 Ne5 14. O-O Bd7 15. Rb1 Qxa2 16. Rxb7 Rfb8 17. Rxb8+ Rxb8 18. Bf4 Ba4 19. Qe1 Qb2 20. Qa5 Qxe2 21. Qxa4 Nxf3+ 22. gxf3 Rf8 23. Kg2 f5 24. Be3 fxe4 25. Qxe4 a5 26. Rb1 a4 27. Rb7 Qa6 28. Qxe7 Qf6 29. Qe4 a3 30. Ra7 Qd6 31. Qc4 Rd8 32. Bf4 Qxd5 33. Qc7 Qd4 34. Be5 Qxa7 35. Qxa7 Bxe5 36. Qe7 Bf6 37. Qxf6 Ra8 38. Qe6+ Kg7 39. Qc6 Ra7 40. Qb6 Rf7 41. Qa5 Rf5 42. Qxa3 Rf7 43. Qd6 Rf5 44. f4 Rf7 45. Qe5+ Kg8 46. Kg3 Rb7 47. Qd5+ Rf7 48. Kg4 Kg7 49. Kg5 h6+ 50. Kg4 Kg8 51. h4 Kg7 52. Qe5+ Kh7 53. h5 gxh5+ 54. Kxh5 Kg8 55. Kg6 h5 56. Qe6 1-0

[Event "DSOL 2022"]
[Site "Germany"]
[Date "2022.02.25"]
[Round "3.2"]
[White "Junker, Reiner"]
[Black "Ramirez Marin, Ivan"]
[Result "0-1"]
[ECO "A03"]
[WhiteElo "1641"]
[BlackElo "1698"]
[Annotator "NA"]
[PlyCount "112"]
[EventDate "2022.01.31"]
[EventType "team-tourn"]
[EventCountry "GER"]
[SourceTitle "playchess.com"]
[Source "ChessBase"]
[SourceQuality "1"]
[WhiteTeam "SK Ludwigshafen"]
[BlackTeam "SV Osnabrück I"]
[TimeControl "2700+15"]

1. g3 d5 2. Bg2 c5 3. f4 Nc6 4. Nf3 g6 5. O-O Bg7 6. d3 Nf6 7. Qe1 O-O 8. e4 dxe4 9. dxe4 b6 10. Nc3 Bb7 11. h3 Re8 12. e5 Nd5 13. Bd2 Nd4 14. Rc1 Nb4 15. Nxd4 Bxg2 16. Ne6 Qd7 17. Kxg2 Qxe6 18. a3 Nc6 19. Qe4 Rad8 20. Be3 f6 21. Rce1 fxe5 22. f5 gxf5 23. Qxf5 Qxf5 24. Rxf5 Nd4 25. Rf2 Rf8 26. Ref1 Rxf2+ 27. Rxf2 Rf8 28. Rd2 Kf7 29. Ne4 h6 30. c3 Nf5 31. Bf2 Ke6 32. g4 Nd6 33. Ng3 Bf6 34. Re2 Bh4 35. Be3 Bg5 36. Bf2 Kd5 37. b3 c4 38. bxc4+ Nxc4 39. a4 Nd6 40. Ra2 e4 41. a5 e3 42. Be1 b5 43. Re2 a6 44. h4 Bxh4 45. Rxe3 Bg5 46. Re2 e5 47. Bd2 e4 48. c4+ Kxc4 49. Bxg5 hxg5 50. Nxe4 Nxe4 51. Rxe4+ Kd3 52. Re6 b4 53. Rxa6 b3 54. Rb6 Kc2 55. a6 b2 56. Rc6+ Kb3 0-1

[Event "DSOL 2022"]
[Site "Germany"]
[Date "2022.02.25"]
[Round "3.2"]
[White "Fieberg, Samuel"]
[Black "Dautov, Rustem"]
[Result "0-1"]
[ECO "B13"]
[WhiteElo "1620"]
[BlackElo "1620"]
[Annotator "NA"]
[PlyCount "80"]
[EventDate "2022.01.31"]
[EventType "team-tourn"]
[EventCountry "GER"]
[SourceTitle "playchess.com"]
[Source "ChessBase"]
[SourceQuality "1"]
[WhiteTeam "SG Porz I"]
[BlackTeam "SF Deizisau I"]
[TimeControl "2700+15"]

1. e4 c6 2. d4 d5 3. exd5 cxd5 4. Bd3 Nc6 5. c3 Nf6 6. Bf4 Bg4 7. Nf3 e6 8. Nbd2 Bd6 9. Bg3 O-O 10. Qb3 Qc7 11. Bxd6 Qxd6 12. O-O Qc7 13. Rfe1 Bh5 14. Rac1 a6 15. Qc2 Bg6 16. Bxg6 hxg6 17. Ne5 Rfc8 18. Qd1 Nxe5 19. dxe5 Nd7 20. Qe2 Qb6 21. Nf3 Rc4 22. Ng5 Qd8 23. Qe3 Rac8 24. Rcd1 b5 25. Rd3 b4 26. cxb4 Rxb4 27. Qg3 Rcc4 28. a3 Rxb2 29. Rf3 Re2 30. Rb1 Nxe5 31. Rfb3 Rec2 32. h3 Nd7 33. f4 Nf6 34. Rb8 Rc8 35. f5 exf5 36. Rxc8 Rxc8 37. Rb7 Ne4 38. Nxe4 fxe4 39. Qf2 Qf6 40. Qa7 Rc1+ 0-1

[Event "DSOL 2022"]
[Site "Germany"]
[Date "2022.02.25"]
[Round "3.2"]
[White "Heerde, Thomas"]
[Black "Zwanzger, Johannes"]
[Result "0-1"]
[ECO "B23"]
[WhiteElo "1573"]
[BlackElo "1733"]
[Annotator "NA"]
[PlyCount "68"]
[EventDate "2022.01.31"]
[EventType "team-tourn"]
[EventCountry "GER"]
[SourceTitle "playchess.com"]
[Source "ChessBase"]
[SourceQuality "1"]
[WhiteTeam "SK Zehlendorf II"]
[BlackTeam "Bayern München I"]
[TimeControl "2700+15"]

1. e4 c5 2. Nc3 Nc6 3. f4 g6 4. Nf3 Bg7 5. Bb5 Nd4 6. O-O Nxb5 7. Nxb5 Nf6 8. d3 O-O 9. Qe1 d6 10. f5 gxf5 11. Qh4 Qd7 12. Nc3 fxe4 13. dxe4 Qg4 14. Qe1 Be6 15. e5 dxe5 16. Nxe5 Qd4+ 17. Kh1 Nd5 18. Nf3 Qc4 19. Ne4 Nb4 20. Nfd2 Qd5 21. Qd1 Rad8 22. a3 Nc6 23. Rb1 Bf5 24. Ng3 Bg6 25. b4 c4 26. Qe1 Bxc2 27. Rb2 Bxb2 28. Bxb2 Qxd2 29. Qa1 e5 30. Nh5 Qg5 31. Nf6+ Qxf6 32. Rxf6 Rd1+ 33. Rf1 Rxa1 34. Rxa1 b5 0-1

[Event "DSOL 2022"]
[Site "Germany"]
[Date "2022.02.25"]
[Round "3.2"]
[White "Gustain, Marc"]
[Black "Sawlin, Leonid"]
[Result "0-1"]
[ECO "C01"]
[WhiteElo "1553"]
[BlackElo "1674"]
[Annotator "NA"]
[PlyCount "56"]
[EventDate "2022.01.31"]
[EventType "team-tourn"]
[EventCountry "GER"]
[SourceTitle "playchess.com"]
[Source "ChessBase"]
[SourceQuality "1"]
[WhiteTeam "SF Deizisau II"]
[BlackTeam "SK Zehlendorf I"]
[TimeControl "2700+15"]

1. e4 e6 2. d4 d5 3. exd5 exd5 4. Nf3 Bd6 5. c4 Nf6 6. Nc3 O-O 7. cxd5 Nbd7 8. Be2 Nb6 9. Bg5 h6 10. Bxf6 Qxf6 11. O-O Re8 12. Bb5 Rd8 13. Re1 Bg4 14. Be2 Bb4 15. a3 Bxc3 16. bxc3 Nxd5 17. Qb3 c5 18. h3 Bh5 19. Rad1 Nf4 20. Qxb7 Rab8 21. Qxa7 Rb2 22. Qxc5 Rxe2 23. Rxe2 Nxe2+ 24. Kf1 Bxf3 25. gxf3 Qxf3 26. Qe7 Ng3+ 27. Ke1 Qxc3+ 28. Rd2 Rxd4 0-1

[Event "DSOL 2022"]
[Site "Germany"]
[Date "2022.02.25"]
[Round "3.2"]
[White "Will, Patrick"]
[Black "Charmeteau, Sven"]
[Result "0-1"]
[ECO "D90"]
[WhiteElo "1293"]
[BlackElo "1923"]
[Annotator "ChessBase"]
[PlyCount "49"]
[EventDate "2022.01.31"]
[EventType "team-tourn"]
[EventCountry "GER"]
[SourceTitle "playchess.com"]
[Source "ChessBase"]
[SourceQuality "1"]
[WhiteTeam "SK Bickenbach I"]
[BlackTeam "SV Werder Bremen I"]
[TimeControl "2700+15"]

1. d4 Nf6 2. c4 g6 3. Nf3 Bg7 4. Nc3 d5 5. cxd5 Nxd5 6. g3 c5 7. e4 Nxc3 8. bxc3 Bg4 9. Qa4+ Nc6 10. Ne5 Bxe5 11. dxe5 Bf3 12. Rg1 O-O 13. Bh6 Nxe5 14. Bxf8 Nd3+ 15. Bxd3 Qxd3 16. Qd1 Qxc3+ 17. Kf1 Qc4+ 18. Ke1 Qxe4+ 19. Kf1 Qc4+ 20. Ke1 Bxd1 21. Rxd1 Kxf8 22. Rd2 Qe4+ 23. Kf1 c4 24. Re2 Qd3 25. f3 0-1

[Event "DSOL 2022"]
[Site "Germany"]
[Date "2022.02.25"]
[Round "3.3"]
[White "Gallasch, Jonas"]
[Black "RubenKoellner"]
[Result "1-0"]
[ECO "E61"]
[WhiteElo "1789"]
[BlackElo "1720"]
[Annotator "NA"]
[PlyCount "105"]
[EventDate "2022.01.31"]
[EventType "team-tourn"]
[EventCountry "GER"]
[SourceTitle "playchess.com"]
[Source "ChessBase"]
[SourceQuality "1"]
[WhiteTeam "SG Porz I"]
[BlackTeam "SF Deizisau I"]
[TimeControl "2700+15"]

1. d4 d6 2. Nf3 Nf6 3. c4 g6 4. Nc3 Bf5 5. d5 Bg7 6. Nd4 Bd7 7. e4 O-O 8. Be2 e6 9. O-O exd5 10. cxd5 Re8 11. Bf3 Na6 12. Re1 Nc5 13. b4 Na6 14. Rb1 Rc8 15. Bf4 h6 16. h3 Nh7 17. Qd3 Qf6 18. Be3 h5 19. Ncb5 Ng5 20. Nxa7 Ra8 21. Nab5 Bxh3 22. Rec1 Re7 23. Bd1 Bc8 24. Nc3 Bd7 25. f4 Nh7 26. e5 Qh4 27. Nf3 Qg3 28. Ne4 Bf5 29. Qxa6 Rxa6 30. Nxg3 Bxb1 31. Rxb1 Rxa2 32. Bb3 Ra8 33. Bd4 Nf8 34. Kf2 Nd7 35. e6 Nf6 36. Bxf6 Bxf6 37. Ne4 Bh8 38. exf7+ Rxf7 39. g3 Re7 40. Nfg5 Bd4+ 41. Ke2 Ra3 42. Ne6 Bb6 43. Kd3 Kf7 44. Kc2 Ra8 45. Rf1 Kg8 46. f5 gxf5 47. Rxf5 Ra1 48. Rg5+ Kh7 49. Nf6+ Kh6 50. Ng8+ Kh7 51. Nxe7 Rh1 52. Rg7+ Kh6 53. Nf5# 1-0

[Event "DSOL 2022"]
[Site "Germany"]
[Date "2022.02.25"]
[Round "3.3"]
[White "Dette, Jan"]
[Black "Fahland, Maximilian"]
[Result "1-0"]
[ECO "B11"]
[WhiteElo "1701"]
[BlackElo "1626"]
[Annotator "NA"]
[PlyCount "43"]
[EventDate "2022.01.31"]
[EventType "team-tourn"]
[EventCountry "GER"]
[SourceTitle "playchess.com"]
[Source "ChessBase"]
[SourceQuality "1"]
[WhiteTeam "SF Essen-Katernberg"]
[BlackTeam "SK Heidenau I"]
[TimeControl "2700+15"]

1. e4 c6 2. Nf3 d5 3. Nc3 dxe4 4. Nxe4 Nf6 5. Qe2 Nxe4 6. Qxe4 Nd7 7. Bc4 Nf6 8. Ne5 e6 9. Qe2 Bd6 10. b3 O-O 11. Bb2 Qc7 12. Bd3 c5 13. O-O-O Bd7 14. Nc4 Bc6 15. h4 a6 16. Rh3 b5 17. Nxd6 Qxd6 18. Bxf6 gxf6 19. Bxh7+ Kh8 20. Qh5 Qe5 21. Bf5+ Kg7 22. Qh7# 1-0

[Event "DSOL 2022"]
[Site "Germany"]
[Date "2022.02.25"]
[Round "3.3"]
[White "Hasic, Mirza"]
[Black "Ciaffone, Daniel"]
[Result "0-1"]
[ECO "D34"]
[WhiteElo "1620"]
[BlackElo "1620"]
[Annotator "NA"]
[PlyCount "60"]
[EventDate "2022.01.31"]
[EventType "team-tourn"]
[EventCountry "GER"]
[SourceTitle "playchess.com"]
[Source "ChessBase"]
[SourceQuality "1"]
[WhiteTeam "SK Zehlendorf II"]
[BlackTeam "Bayern München I"]
[TimeControl "2700+15"]

1. d4 d5 2. c4 e6 3. Nc3 c5 4. cxd5 exd5 5. Nf3 Nc6 6. g3 Nf6 7. Bg2 Be7 8. O-O O-O 9. Bg5 c4 10. Ne5 Be6 11. e3 Ne8 12. Bxe7 Nxe7 13. b3 f6 14. Nf3 Rc8 15. bxc4 Rxc4 16. Qb3 Qa5 17. Ne2 Nd6 18. Nf4 Bf7 19. Rfd1 Rfc8 20. Nd3 b6 21. a3 Ne4 22. Nb4 Qb5 23. Qb2 Rc3 24. Bf1 Qd7 25. Nd2 a5 26. Nxe4 dxe4 27. Na2 Rc2 28. Qb1 Qf5 29. f4 Qh5 30. Bg2 Qe2 0-1

[Event "DSOL 2022"]
[Site "Germany"]
[Date "2022.02.25"]
[Round "3.3"]
[White "Jelica, Mara"]
[Black "Kalabic, Faris"]
[Result "0-1"]
[ECO "B33"]
[WhiteElo "1620"]
[BlackElo "1620"]
[Annotator "NA"]
[PlyCount "96"]
[EventDate "2022.01.31"]
[EventType "team-tourn"]
[EventCountry "GER"]
[SourceTitle "playchess.com"]
[Source "ChessBase"]
[SourceQuality "1"]
[WhiteTeam "SF Deizisau II"]
[BlackTeam "SK Zehlendorf II"]
[TimeControl "2700+15"]

1. e4 c5 2. Nf3 Nc6 3. d4 cxd4 4. Nxd4 Nf6 5. Nc3 e5 6. Ndb5 d6 7. Bg5 a6 8. Na3 b5 9. Nd5 Qa5+ 10. Bd2 Qd8 11. Bg5 Be7 12. Bxf6 Bxf6 13. c3 Bg5 14. Nc2 Rb8 15. Be2 O-O 16. O-O Be6 17. Nce3 Ne7 18. Nxe7+ Qxe7 19. Nd5 Qb7 20. b4 f5 21. f3 Bxd5 22. exd5 Qa7+ 23. Kh1 Qe3 24. c4 bxc4 25. Bxc4 Rxb4 26. Bxa6 Qa7 27. Qe2 Rfb8 28. Bc4 Rb2 29. Qd3 Bf4 30. Rab1 g6 31. Rxb2 Rxb2 32. g3 Be3 33. Bb3 Bg1 34. Bc2 Qxa2 35. Rc1 Bd4 36. h4 Kg7 37. h5 Qxd5 38. hxg6 hxg6 39. g4 Qa8 40. gxf5 Qd8 41. Qd2 Qh4+ 42. Kg2 gxf5 43. Rb1 Be3 44. Qe2 f4 45. Rh1 Qg3+ 46. Kf1 Rxc2 47. Rh7+ Kxh7 48. Qxc2+ Kh6 0-1

[Event "DSOL 2022"]
[Site "Germany"]
[Date "2022.02.25"]
[Round "3.3"]
[White "Riemann, Jonas"]
[Black "Carlstedt, Jonathan"]
[Result "0-1"]
[ECO "B04"]
[WhiteElo "1451"]
[BlackElo "1798"]
[Annotator "NA"]
[PlyCount "54"]
[EventDate "2022.01.31"]
[EventType "team-tourn"]
[EventCountry "GER"]
[SourceTitle "playchess.com"]
[Source "ChessBase"]
[SourceQuality "1"]
[WhiteTeam "SK Bickenbach I"]
[BlackTeam "SV Werder Bremen I"]
[TimeControl "2700+15"]

1. e4 Nf6 2. e5 Nd5 3. c4 Nb6 4. Nc3 d6 5. exd6 cxd6 6. d4 g6 7. Nf3 Bg7 8. Be2 O-O 9. O-O e5 10. Bg5 f6 11. Bh4 g5 12. Bg3 f5 13. dxe5 f4 14. exd6 fxg3 15. hxg3 Be6 16. c5 N6d7 17. Nd5 Nc6 18. Nc7 Qf6 19. Nxg5 Qxg5 20. Nxe6 Qe5 21. Nxf8 Rxf8 22. b4 Kh8 23. Rb1 Nd4 24. Bd3 Qd5 25. Qd2 Ne5 26. f4 Ng4 27. Rbe1 Qh5 0-1